 Dungeon Crawl Stone Soup version 0.31-a0-264-ga0b03e459d (webtiles) character file.

Game seed: 12061953470644449656

80 qw the Shooter (level 4, -1/26 HPs)
             Began as a Gargoyle Hexslinger on July 13, 2023.
             Slain by Sigmund
             ... wielding a +0 scythe
              (5 damage)
             ... on level 2 of the Dungeon.
             The game lasted 00:00:29 (1044 turns).

qw the Shooter (Gargoyle Hexslinger)                Turns: 1044, Time: 00:00:30

Health: -1/26      AC:  8    Str: 11    XL:     4   Next: 39%
Magic:  5/5        EV: 10    Int: 14    God:
Gold:   15         SH:  0    Dex: 14    Spells: 4/5 levels left

rFire   . . .        Y - +1 sling
rCold   . . .        (no shield)
rNeg    + . .        e - +0 ring mail
rPois   inf          (no helmet)
rElec   +            (no cloak)
rCorr   .            (no gloves)
SInv    .            (no boots)
Will    .....        (no amulet)
Stlth   +            (no ring)
HPRegen 0.24/turn    (no ring)
MPRegen 0.09/turn

%: no passive effects
@: no status effects
A: sickness immunity, AC +3, negative energy resistance 1, electricity
resistance, torment resistance 1, petrification resistance
a: no special abilities


You were on level 2 of the Dungeon.
You visited 1 branch of the dungeon, and saw 2 of its levels.

You collected 15 gold pieces.


Innate Abilities, Weirdness & Mutations

You are immune to sickness and miasma.
Your stone body is resilient. (AC +3)
You are immune to poison.
You resist negative energy. (rN+)
You are resistant to electric shocks. (rElec)
You are resistant to unholy torment.
You are immune to petrification.


   Skills:
 - Level 2.0 Fighting
 + Level 4.0 Ranged Weapons
 - Level 1.0 Armour
 - Level 1.5 Dodging
 - Level 1.0 Spellcasting
 - Level 2.6 Hexes


You had 4 spell levels left.
You knew the following spells:

 Your Spells              Type           Power      Damage    Failure   Level
a - Slow                  Hex            32%        N/A       21%         1

Your spell library contained the following spells:

 Spells                   Type           Power      Damage    Failure   Level
 Inner Flame              Hex/Fire       4%         N/A       71%         3
 Portal Projectile        Hex/Tloc       8%         N/A       71%         3
 Cause Fear               Hex            4%         N/A       90%         4

Inventory:

Hand Weapons
 Y - a +1 sling (weapon)
Armour
 e - a +0 ring mail (worn)
Scrolls
 a - a scroll of teleportation {unknown}

Dungeon Overview and Level Annotations

Branches:
Dungeon (2/15)

Altars:

Annotations:
D:2 Sigmund


Message History

You shoot a sling bullet. The sling bullet hits the quokka.
You kill the quokka!
Sigmund hits you from afar with a +0 scythe.
You shoot a sling bullet. The sling bullet hits Sigmund.
Sigmund is lightly wounded.
Sigmund misses you.
You shoot a sling bullet. The sling bullet hits Sigmund.
Sigmund is lightly wounded.
Sigmund misses you.
You shoot a sling bullet. The sling bullet hits Sigmund!
Sigmund is moderately wounded.
Sigmund mumbles some strange words.
Sigmund flickers and vanishes!
Deactivating autopickup; reactivate with Ctrl-A.
You shoot a sling bullet. Something hits you.
You shoot a sling bullet.
You hear some strange, mumbled words.
You are confused.
You shoot a sling bullet. Something hits you but does no damage.
You shoot a sling bullet. Something hits you.
You shoot a sling bullet.
A magic dart appears from out of thin air!
The magic dart hits you but does no damage.
You shoot a sling bullet.
You feel less confused. Something hits you!
You shoot a sling bullet. Something hits you.
You shoot a sling bullet. Something hits you but does no damage.
You shoot a sling bullet. Something completely misses you.
You shoot a sling bullet. Something hits you but does no damage.
You shoot a sling bullet. Something hits you.
You die...

.#
#...........#
.#
#........####
.# #######.##
.# #...####
.# #...#....#
.# #.######.#
.# # #<# ##
#.# #@# #'#
......{..#
.........# #
.........# +
..#....... #.
. #........
.> ####+#...
#. ....


There were no monsters in sight!

Vanquished Creatures
  Terence (D:2)
  An adder (D:2)
  3 dart slugs (D:1)
  An orc (D:2)
  2 giant cockroaches
  4 goblins
  5 hobgoblins
  3 kobolds
  5 quokkas
  3 ball pythons
  A bat (D:2)
  3 frilled lizards
  4 rats
36 creatures vanquished.

Notes
Turn   | Place    | Note
-------+----------+-------------------------------------------
     0 | D:1      | qw the Gargoyle Hexslinger began the quest for the Orb.
     0 | D:1      | Reached XP level 1. HP: 12/12 MP: 2/2
     0 | D:1      | 0 ||| qw: Version: 0.3-a-52-g30416fa
     0 | D:1      | 0 ||| qw: Game counter: 7552
     0 | D:1      | 0 ||| qw: Melee chars always use a shield: true
     0 | D:1      | 0 ||| qw: God list: Okawaru
     0 | D:1      | 0 ||| qw: Allow faded altars: false
     0 | D:1      | 0 ||| qw: Do Orc after clearing Dungeon:15 true
     0 | D:1      | 0 ||| qw: Do second Lair branch before Depths: true
     0 | D:1      | 0 ||| qw: Lair rune preference: random
     0 | D:1      | 0 ||| qw: Goals: Normal
     0 | D:1      | 0 ||| PLANNING D:1-11
    95 | D:1      | Reached XP level 2. HP: 16/16 MP: 3/3
   209 | D:1      | Reached skill level 3 in Ranged Weapons
   550 | D:1      | 550 ||| FLEEEEING.
   551 | D:1      | 551 ||| FLEEEEING.
   552 | D:1      | 552 ||| FLEEEEING.
   553 | D:1      | 553 ||| FLEEEEING.
   601 | D:1      | Reached XP level 3. HP: 20/21 MP: 4/4
   692 | D:1      | 692 ||| UPGRADING to +0 ring mail.
   702 | D:1      | 702 ||| DROPPING +0 robe.
   703 | D:1      | 703 ||| READING scroll labelled COPLOTS FAJU.
   704 | D:1      | 704 ||| READING scroll labelled SUUGAX ANUSAGH.
   705 | D:1      | 705 ||| DROPPING scroll of poison.
   782 | D:2      | Identified the +14 crystal plate armour of Autumn {rCorr
                  | Int+2}
   820 | D:2      | Noticed Terence
   831 | D:2      | Killed Terence
   832 | D:2      | Reached XP level 4. HP: 15/26 MP: 5/5
   926 | D:2      | Reached skill level 4 in Ranged Weapons
   998 | D:2      | Reached skill level 1 in Armour
  1024 | D:2      | Noticed Sigmund
  1026 | D:2      | 1026 ||| Stepping ~*~*~tactically~*~*~ (outnumbered).
  1039 | D:2      | HP: 4/26 [something (8)]
  1044 | D:2      | Slain by Sigmund

Levels and vault maps discovered:
D:1:      onia_arrival_mini_maze_b, layout_basic, feat_on_display
D:2:      layout_basic, minmay_split_cup_small, uniq_sigmund, uniq_terence

Skill      XL: |  1  2  3  4 |
---------------+-------------+-----
Ranged Weapons | 3 4 |  4.0
Fighting       | 2 |  2.0
Armour         | 1 |  1.0
Dodging        | |  1.5
Spellcasting   | |  1.0
Hexes          | |  2.6

Action                     |  1- 3 |  4- 6 || total
---------------------------+-------+-------++-------
   Fire: Sling             |    74 |    44 ||   118
    Use: Scroll            |     2 |       ||     2
 Armour: Robe              |     4 |       ||     4
         Ring mail         |     1 |    11 ||    12
  Dodge: Dodged            |    18 |    10 ||    28

Table legend:
 A = Non-vault XP
 B = Vault XP
 C = Vault XP percentage of total XP
 D = Non-vault monster count
 E = Vault monster count
 F = Vault count percentage of total count
                 A         B        C        D         E       F
            +---------+---------+-------+---------+---------+-------
      Total |      77 |      38 |  33.0 |      34 |       2 |   5.6
            +---------+---------+-------+---------+---------+-------
        D:1 |      33 |       2 |   5.7 |      16 |       1 |   5.9
        D:2 |      44 |      36 |  45.0 |      18 |       1 |   5.3
            +---------+---------+-------+---------+---------+-------
